 Dungeon Crawl Stone Soup version 0.31-a0-1074-g0b22e4e0f1 (webtiles) character file.

Game seed: 17750962371221905025

193 IdlyInterested the Changeling (level 5, 0/41 HPs)
             Began as a Demonspawn Shapeshifter on Dec 1, 2023.
             Killed by nerve-wracking pain
             ... invoked by a shadow imp
              (4 damage)
             ... on level 4 of the Dungeon.
             The game lasted 00:09:46 (3627 turns).

IdlyInterested the Changeling (DsSh)                Turns: 3627, Time: 00:09:47

Health: 0/41       AC:  8    Str: 15    XL:     5   Next: 43%
Magic:  5/5        EV:  9    Int: 11    God:
Gold:   179        SH:  5    Dex: 14    Spells: 4/4 levels left

rFire   . . .        p - +0 spear
rCold   . . .        (no shield)
rNeg    . . .        H - +0 scale mail
rPois   .            (helmet currently unavailable)
rElec   .            (cloak currently unavailable)
rCorr   .            y - melded +1 pair of gloves
SInv    .            (boots currently unavailable)
Will    .....        t - amulet of reflection Stlth
                     (no ring)
HPRegen 0.26/turn    (no ring)
MPRegen 0.09/turn

%: reflection
@: beast-form
A: beast (slay +2), antennae 1, icy blue scales 1, powered by death 1
a: Begin Untransformation


You were on level 4 of the Dungeon.
You were a hulking beast.
You visited 1 branch of the dungeon, and saw 4 of its levels.

You collected 179 gold pieces.

Inventory:

Hand Weapons
 o - a +0 short sword
 p - a +0 spear (weapon)
 v - a +0 long sword
Missiles
 i - 5 poisoned darts (quivered)
 m - a boomerang
 r - 4 atropa-tipped darts
 E - 5 stones
Armour
 e - a +0 ring mail
 y - a +1 pair of gloves (melded)
 H - a +0 scale mail (worn)
Magical Staves
 k - a staff of death
Jewellery
 n - an amulet of the acrobat
 t - an amulet of reflection (around neck)
 C - an amulet of regeneration
Talismans
 c - a beast talisman (active)
 d - a flux talisman
 A - a blade talisman
Wands
 I - a wand of paralysis (4)
Scrolls
 j - a scroll of enchant armour
 l - a scroll of enchant weapon
 q - 2 scrolls of teleportation
 s - a scroll of immolation
 u - a scroll of revelation
 D - a scroll of fear {unknown}
 F - a scroll of blinking {unknown}
 G - a scroll of vulnerability {unknown}
Potions
 a - 5 potions of curing
 b - 2 potions of lignification
 f - a potion of brilliance
 g - a potion of might {unknown}
 h - a potion of degeneration {unknown}
 w - a potion of enlightenment
 x - a potion of attraction
 z - a potion of mutation {unknown}
 B - a potion of invisibility {unknown}


   Skills:
 - Level 3.0 Fighting
 + Level 1.7 Dodging
 - Level 3.0 Unarmed Combat
 * Level 4.5 Shapeshifting


You had 4 spell levels left.
You didn't know any spells.
Your spell library contained the following spells:

 Spells                   Type           Power      Damage    Failure   Level
 Magic Dart               Conj           0%         1d3       83%         1
 Call Imp                 Summ           0%         N/A       92%         2
 Mephitic Cloud           Conj/Pois/Air  0%         N/A       99%         3


Dungeon Overview and Level Annotations

Branches:
Dungeon (4/15)
 Temple: D:4-7

Altars:

Annotations:
D:4 1 transporter


Innate Abilities, Weirdness & Mutations

You are a hulking beast.
Your limbs bulge with bestial killing power. (Slay +2)
You have a pair of small antennae on your head.
You are partially covered in icy blue scales. (AC +2)
You regenerate a little health from kills.


Message History

The shadow imp gestures at you. Pain shoots through your body!
Reach: p) +0 spear
Press: ? - help, Dir - move target, f/p - orc priest
Aim: an orc priest, wielding a +0 morningstar and wearing a +0 ring mail (paralysed, about 2% to evade your +0 spear)
You reach to attack!
The helpless orc priest fails to defend itself.
You hit the orc priest.
The orc priest is moderately wounded.
Reach: p) +0 spear
Press: ? - help, Dir - move target, f/p - orc priest
Aim: an orc priest, wielding a +0 morningstar and wearing a +0 ring mail (moderately wounded, paralysed, about 2% to evade your +0 spear)
You reach to attack!
The helpless orc priest fails to defend itself.
You hit the orc priest.
The orc priest is moderately wounded.
The shadow imp disappears for a moment.
The shadow imp gestures at you. Pain shoots through your body!
The shadow imp gestures at you. Pain shoots through your body!
* * * LOW HITPOINT WARNING * * *
Reach: p) +0 spear
Press: ? - help, Dir - move target, f/p - orc priest
Aim: an orc priest, wielding a +0 morningstar and wearing a +0 ring mail (moderately wounded, paralysed, about 2% to evade your +0 spear)
You reach to attack!
The helpless orc priest fails to defend itself.
You hit the orc priest but do no damage.
The orc priest is moderately wounded.
Reach: p) +0 spear
Press: ? - help, Dir - move target, f/p - orc priest
Aim: an orc priest, wielding a +0 morningstar and wearing a +0 ring mail (moderately wounded, paralysed, about 2% to evade your +0 spear)
You reach to attack!
The helpless orc priest fails to defend itself.
You hit the orc priest.
The orc priest is heavily wounded.
The shadow imp disappears for a moment.
The shadow imp gestures at you. Pain shoots through your body!
You die...

#########..#8P$©$P8#.............
#..........#~..)..~#.######.....#
#.####.###.####+####.# #.....#
#.# #.# #.#.≈...≈.#.# #.....# #.#
#.# #.#.≈...≈.#.######.....# #.#
#.# #.#.≈~~~≈.#.....##...... #.#
#.# #.#=≈~♣~≈.#..#####...... #.#
#.###.#.≈~PP≈o#..# #...... #.#
#.#.#.#5≈..h≈5#..# #...... #.#
#.#.#.#5≈...≈5#..# #...... #.#
#.#...####'####..##########. #.#
#.#...#P.....P#......# #. #.#
#.#...#8P.©.P8#...##.######. #.#
#.#...#########............. #.#
#.#.......©................# #.#
#.#..####...####............ #.#
#.#..# ##.## #...#.#.###.#


You could see an orc priest (paralysed) and 4 shadow imps.

Vanquished Creatures
  A hound (D:4)
  An orc wizard (D:3)
  3 gnolls (D:2)
  3 adders
  A worm (D:2)
  7 dart slugs
  4 orcs
  11 ball pythons
  7 endoplasms
  A giant cockroach (D:1)
  5 goblins
  5 hobgoblins
  2 quokkas
  5 bats
  5 frilled lizards
  5 rats
66 creatures vanquished.

Notes
Turn   | Place    | Note
-------+----------+-------------------------------------------
     0 | D:1      | IdlyInterested the Demonspawn Shapeshifter began the quest
                  | for the Orb.
     0 | D:1      | Reached XP level 1. HP: 15/15 MP: 1/1
   244 | D:1      | Gained mutation: You are partially covered in icy blue
                  | scales. (AC +2) [demonic ancestry]
   244 | D:1      | Reached XP level 2. HP: 11/21 MP: 2/2
   252 | D:1      | Reached skill level 3 in Shapeshifting
   922 | D:2      | Gained mutation: You have a pair of small antennae on your
                  | head. [demonic ancestry]
   922 | D:2      | Reached XP level 3. HP: 27/27 MP: 3/3
  1238 | D:2      | Found a faded altar of an unknown god.
  1305 | D:2      | Gained mutation: You regenerate a little health from kills.
                  | [demonic ancestry]
  1305 | D:2      | Reached XP level 4. HP: 33/33 MP: 4/4
  1795 | D:3      | Reached skill level 4 in Shapeshifting
  2466 | D:4      | Reached XP level 5. HP: 39/39 MP: 5/5
  2588 | D:4      | Found a transporter.
  2846 | D:4      | Found a transporter.
  3627 | D:4      | Killed from afar by a shadow imp

Illustrated notes

Levels and vault maps discovered:
D:1:      dpeg_arrival_simpleton_b, layout_loops_ring, kennysheep_nondescript
D:2:      layout_loops_cross, hellmonk_ecumenical_altar_zigzags
D:3:      layout_loops_ring
D:4:      gammafunk_wand_slinger, layout_basic

Skill      XL: |  1  2  3  4  5 |
---------------+----------------+-----
Shapeshifting  | 3 4 |  4.5
Unarmed Combat | 3 |  3.0
Fighting       | 2 3 |  3.0
Dodging        | |  1.7

Action                     |  1- 3 |  4- 6 || total
---------------------------+-------+-------++-------
  Melee: Unarmed           |   108 |   104 ||   212
         Punch             |     1 |     1 ||     2
         Spear             |       |     4 ||     4
  Evoke: Wand              |       |     1 ||     1
    Use: Scroll            |     2 |     3 ||     5
         Potion            |     1 |     3 ||     4
   Stab: Paralysed         |       |     4 ||     4
 Armour: Ring mail         |    72 |    55 ||   127
         Animal skin       |     1 |       ||     1
  Dodge: Dodged            |    65 |    49 ||   114
  Block: Other             |       |    18 ||    18
         Reflection        |       |     1 ||     1
   Form: Beast             |     1 |     1 ||     2
         Flux              |     1 |       ||     1
                           |       |     1 ||     1

Table legend: (Time is in decaauts)
 A = Elapsed time spent in this place.
 B = Non-inter-level travel time spent in this place.
 C = Inter-level travel time spent in this place.
 D = Time resting spent in this place.
 E = Time spent auto-exploring this place.
 F = Levels seen in this place.
 G = Mean time per level.
                   A        B        C        D        E       F      G
               +--------+--------+--------+--------+--------+-----+--------+
         Total |   3614 |   3376 |    238 |    291 |   2323 |   4 |  903.5 |
       Dungeon |   3614 |   3376 |    238 |    291 |   2323 |   4 |  903.5 |
               +--------+--------+--------+--------+--------+-----+--------+

Top non-repeatable levels by time:
     D:4: 1160 daAuts
     D:1: 903 daAuts
     D:2: 803 daAuts
     D:3: 746 daAuts
